 Dungeon Crawl Stone Soup version 0.26-b1-45-g23770d1d51 (webtiles) character file.

Game seed: 18039958984074218442

55 DocSulfur the Ruffian (level 3, 0/29 HPs)
             Began as a Draconian Transmuter on Jan 6, 2021.
             Succumbed to an orc's poison
             ... on level 3 of the Dungeon.
             The game lasted 00:02:23 (1515 turns).

DocSulfur the Ruffian (Draconian Transmuter)        Turns: 1515, Time: 00:02:23

Health: 0/29       AC:  5    Str: 19    XL:     3   Next: 67%
Magic:  5/6        EV: 12    Int: 13    God:
Gold:   141        SH:  0    Dex: 11    Spells: 3/6 levels left

rFire    . . .     SeeInvis .     - Unarmed
rCold    . . .     Faith    .   (no shield)
rNeg     . . .     Spirit   .   (armour unavailable)
rPois    .         Reflect  .   (helmet currently unavailable)
rElec    .         Harm     .   (no cloak)
rCorr    .         Rampage  .   (no gloves)
Will     .....                  (boots currently unavailable)
Stlth    +.........             l - amulet of magic regeneration
HPRegen  0.09/turn              h - +6 ring of strength
MPRegen  0.35/turn              (no ring)

@: confused, lethally poisoned (0 -> -10), appendages (expiring), wereblooded,
invisible
A: unfitting armour, horns 2, talons 2, cold-blooded, AC +5
a: End Transformation


You were on level 3 of the Dungeon.
You had grown temporary horns.
You had grown temporary talons.
You visited 1 branch of the dungeon, and saw 3 of its levels.

You collected 141 gold pieces.

Inventory:

Missiles
 d - 53 stones
 e - 24 poisoned darts
Jewellery
 h - a +6 ring of strength (left hand)
 l - an amulet of magic regeneration (around neck)
Scrolls
 a - 2 scrolls of identify
 g - 3 scrolls of enchant weapon
 i - a scroll of remove curse {unknown}
 j - a scroll of enchant armour {unknown}
 m - a scroll of immolation {unknown}
Potions
 b - a potion of invisibility
 c - 4 potions of might {unknown}
 f - a potion of mutation {unknown}
 k - a potion of flight {unknown}


   Skills:
 + Level 1.9 Fighting
 - Level 1.7 Dodging
 * Level 3.6 Unarmed Combat
 + Level 2.3 Spellcasting
 * Level 2.8 Transmutations


You had 3 spell levels left.
You knew the following spells:

 Your Spells              Type           Power        Failure   Level
a - Beastly Appendage     Tmut           16%          8%          1
b - Wereblood             Tmut           8%           12%         2

Your spell library contained the following spells:

 Spells                   Type           Power        Failure   Level
 Spider Form              Tmut/Pois      2%           38%         3
 Ice Form                 Ice/Tmut       5%           80%         4
 Blade Hands              Tmut           4%           91%         5


Dungeon Overview and Level Annotations

Branches:
Dungeon (3/15)

Altars:
Hepliaklqana


Innate Abilities, Weirdness & Mutations

Your plain brown scales are hard. (AC +5)
You cannot fit into any form of body armour.
You are cold-blooded and may be slowed by cold attacks.
You have a pair of horns on your head.
You have razor-sharp toenails.


Message History

The orc wizard misses you. The orc hits you with a +0 flail!
The orc priest mumbles some strange prayers to Beogh against you.
Beogh smites you!
* * * LOW HITPOINT WARNING * * *
The orc barely misses you.
As you read the scroll labelled FAEDWE MEFYTTO, it crumbles to dust.
It is a scroll of identify.
g - 3 scrolls of enchant weapon The orc wizard gestures at you while chanting.
You are confused.
The orc priest hits you but does no damage.
The orc priest barely misses you. The orc closely misses you.
The orc hits you with a +0 flail of venom.
* * * LOW HITPOINT WARNING * * *
You are lethally poisoned!
Unknown command.
You are too confused!
It was a potion of invisibility.
You fade into invisibility!
Your transformation is almost over.
You die...

. .. ... ..?.
.....########
.......oo...##
......8@oo8..#
.......oo....$#
.............⌠#
###..........$#
#...8...8..##
#.........##
#..######## ...


You could see 2 orc priests, an orc wizard and 3 orcs.

Vanquished Creatures
  3 adders (D:2)
  A dart slug (D:1)
  2 leopard geckos
  4 goblins
  5 hobgoblins (D:1)
  4 bats
  A frilled lizard (D:1)
  2 kobolds
  4 rats
26 creatures vanquished.

Notes
Turn   | Place    | Note
-------+----------+-------------------------------------------
     0 | D:1      | DocSulfur the Draconian Transmuter began the quest for the
                  | Orb.
     0 | D:1      | Reached XP level 1. HP: 16/16 MP: 3/3
   254 | D:1      | Reached XP level 2. HP: 23/23 MP: 3/5
   263 | D:1      | Learned a level 2 spell: Wereblood
   891 | D:2      | Reached XP level 3. HP: 23/29 MP: 2/6
  1424 | D:2      | Found a hazy altar of Hepliaklqana.
  1514 | D:3      | HP: 1/29 [orc/+0 flail of venom (2)]
  1515 | D:3      | Succumbed to an orc's poison

Illustrated notes

Levels and vault maps discovered:
D:1:      shiori_shiawase, layout_loops_cross
D:2:      kennysheep_big_flooded_room, layout_basic,
          nicolae_overflow_hidden_temple
D:3:      cheibrodos_pilgrimage, layout_basic, uniq_grinder

Action                   || total
-------------------------++-------
Melee: Unarmed           ||    73
       Kick              ||    11
       Headbutt          ||     4
       Tailslap          ||     4
       Punch             ||     1
 Cast: Beastly Appendage ||    17
       Wereblood         ||     5
  Use: Scroll            ||     1
       Potion            ||     1
Armor: Skin              ||    23
Dodge: Dodged            ||    49
